 Dungeon Crawl Stone Soup version 0.26-a0-651-gb41185065b (webtiles) character file.

Game seed: 5275309287612573358

54 grandjackal the Ducker (level 3, 0/28 HPs)
             Began as a Demonspawn Gladiator on Sept 30, 2020.
             Slain by an orc
             ... wielding a +0 hand axe
              (5 damage)
             ... on level 1 of the Dungeon.
             The game lasted 00:01:19 (1427 turns).

grandjackal the Ducker (Demonspawn Gladiator)       Turns: 1427, Time: 00:01:19

Health: 0/28       AC:  4    Str: 15    XL:     3   Next: 66%
Magic:  0/3        EV: 13    Int:  9    God:
Gold:   51         SH:  0    Dex: 14    Spells: 2/2 levels left

rFire    . . .     SeeInvis .   a - +0 long sword
rCold    . . .     Faith    .   (no shield)
rNeg     . . .     Spirit   +   b - +0 leather armour
rPois    .         Reflect  .   c - +0 helmet
rElec    .         Harm     .   (no cloak)
rCorr    .         Rampage  .   (no gloves)
MR       .....                  (no boots)
Stlth    +.........             (no amulet)
HPRegen  0.09/turn              (no ring)
MPRegen  0.08/turn              (no ring)

@: lightly drained
A: magic shield
a: no special abilities


You were on level 1 of the Dungeon.
You visited 1 branch of the dungeon, and saw 2 of its levels.

You collected 51 gold pieces.

Inventory:

Hand Weapons
 a - a +0 long sword (weapon)
Missiles
 d - 3 throwing nets (quivered)
Armour
 b - a +0 leather armour (worn)
 c - a +0 helmet (worn)
Jewellery
 g - an uncursed amulet of regeneration {unknown}
Scrolls
 h - 3 scrolls of remove curse {unknown}
Potions
 e - a potion of stabbing {unknown}
 f - a potion of haste {unknown}


   Skills:
 + Level 2.8(2.5) Fighting
 + Level 3.2(3.0) Long Blades
 - Level 1.7(1.5) Throwing
 + Level 3.3(3.0) Dodging


You had 2 spell levels left.
You didn't know any spells.
Your spell library was empty.

Dungeon Overview and Level Annotations

Branches:
Dungeon (2/15)

Altars:


Innate Abilities, Weirdness & Mutations

When hurt, damage is shared between your health and your magic reserves.


Message History

You completely miss the orc.
The orc is moderately wounded.
The orc barely misses you.
You closely miss the orc.
The orc is moderately wounded.
The orc closely misses you. The orc barely misses you.
You hit the orc but do no damage.
The orc is moderately wounded.
The orc hits you but does no damage.
You barely miss the orc.
The orc is moderately wounded.
The orc hits you with a +0 hand axe.
* * * LOW HITPOINT WARNING * * *
You closely miss the orc.
The orc is moderately wounded.
The orc misses you.
You hit the orc but do no damage.
The orc is moderately wounded.
The orc hits you with a +0 hand axe!
You die...

#.......##.#..##..#########.#####
#...#.####.##.##..###### #.#....
#♣.#....##.##.##.......# #.#.###
#.#....##.##..........# #.#.#..
##+###.....#.........).# #.#.#.#
...#.......#...........####.#.#.#
...#.......#......#'###..........
...........##.#.............#.#..
...........)..#.@##.###..........
....#'#...######o##.........#....
....#.#...# #>†.............#.
....#.##### #.#####.#.........
....#.# #.#####...........
....#.# #.##.......#......
....#.# #####.##.##.##.##.#.#.
....#.# #...).....#.##.##.#...
..).#.# #.........#.##.##.###.


You could see an orc.

Vanquished Creatures
  An adder (D:1)
  3 leopard geckos (D:1)
  An orc (D:1)
  5 giant cockroaches
  7 goblins (D:1)
  5 hobgoblins
  2 jackals (D:1)
  2 kobolds (D:1)
  3 ball pythons
  A bat (D:1)
  4 frilled lizards
  4 rats
38 creatures vanquished.

Notes
Turn   | Place    | Note
-------+----------+-------------------------------------------
     0 | D:1      | grandjackal the Demonspawn Gladiator began the quest for
                  | the Orb.
     0 | D:1      | Reached XP level 1. HP: 16/16 MP: 1/1
   216 | D:1      | Gained mutation: When hurt, damage is shared between your
                  | health and your magic reserves. [demonic ancestry]
   216 | D:1      | Reached XP level 2. HP: 19/22 MP: 2/2
   909 | D:1      | Reached XP level 3. HP: 28/28 MP: 3/3
  1427 | D:1      | Slain by an orc

Illustrated notes

Levels and vault maps discovered:
D:1:      nzn_arrival_depleted_hourglass, layout_basic, hangedman_decor_push
D:2:      layout_rooms, old_standard_altar, lemuel_round_altar

Skill      XL: |  1  2 |
---------------+-------+-----
Dodging        | 3 |  3.3
Long Blades    | 3 |  3.2
Fighting       | |  2.8
Throwing       | |  1.7

Action                   || total
-------------------------++-------
Melee: Long sword        ||   104
Armor: Leather armour    ||    23
Dodge: Dodged            ||    91
       Rpst.: Long sword ||    25

Table legend: (Time is in decaauts)
 A = Elapsed time spent in this place.
 B = Non-inter-level travel time spent in this place.
 C = Inter-level travel time spent in this place.
 D = Time resting spent in this place.
 E = Time spent auto-exploring this place.
 F = Levels seen in this place.
 G = Mean time per level.
                   A        B        C        D        E       F      G
               +--------+--------+--------+--------+--------+-----+--------+
         Total |   1456 |   1421 |     35 |    178 |   1003 |   2 |  728.0 |
       Dungeon |   1456 |   1421 |     35 |    178 |   1003 |   2 |  728.0 |
               +--------+--------+--------+--------+--------+-----+--------+

Top non-repeatable levels by time:
     D:1: 1431 daAuts
     D:2: 25 daAuts
